[Event "*** Titled Tuesday 3|2 Blitz"]
[Site "Chess.com"]
[Date "2016.08.02"]
[Round "7"]
[White "bugsbunny444"]
[Black "CroatianPower"]
[Result "0-1"]
[WhiteElo "2303"]
[BlackElo "2418"]
[TimeControl "180+2"]
[EndTime "12:33:28 PDT"]
[Termination "CroatianPower won on time"]

1. Nf3 Nf6 2. c4 b6 3. g3 Bb7 4. Bg2 c5 5. O-O g6 6. b3 Bg7 7. Bb2 O-O 8. Nc3 Nc6 9. d4 Nxd4 10. Nxd4 Bxg2 11. Kxg2 cxd4 12. Qxd4 d6 13. Nd5 Ne8 14. Qd2 Bxb2 15. Qxb2 Nc7 16. Rad1 Rb8 17. e4 a6 18.
e5 Ne8 19. Rfe1 e6 20. Ne3 Qe7 21. Qa3 Qb7+ 22. Kg1 dxe5 23. Ng4 f6 24. f4 exf4 25.
Rxe6 Ng7 26. Rxf6 Rxf6 27. Nxf6+ Kh8 28. Qd6 fxg3 29. hxg3 Nf5 30. Qe5 Ng7 31. Rd7 Qc6 0-1

[Event "*** Titled Tuesday 3|2 Blitz"]
[Site "Chess.com"]
[Date "2016.08.02"]
[Round "7"]
[White "diokletian"]
[Black "Maitreia"]
[Result "0-1"]
[WhiteElo "2429"]
[BlackElo "2365"]
[TimeControl "180+2"]
[EndTime "12:33:36 PDT"]
[Termination "Maitreia won by resignation"]

1. d4 Nf6 2. c4 g6 3. Nc3 Bg7 4. e4 O-O 5. Nf3 d6 6. Be2 e5 7. O-O Nc6 8. d5 Ne7 9. a4 a5 10. Ne1 Nd7 11. Nd3 f5 12. f3 b6 13. Bd2 Kh8 14. Nb5 Nc5 15. Nf2 fxe4 16. fxe4 Ng8 17. Bf3 Bh6 18. Bxh6 Nxh6 19. Ra3 Bd7 20. Qd2 Bxb5 21.
axb5 Ng8 22. Nd3 Nxd3 23. Qxd3 Qg5 24. Rfa1 Rf7 25. Qe3 Qxe3+ 26. Rxe3 Raf8 27. b4 axb4 28. Rb3 Nf6 29. Rxb4 g5 30. h3 h5 31. Re1 Kg7 32. Ra4 g4 33. hxg4 hxg4 34. Bd1 Kg6 35. g3 Kg5 36.
Ra7 Nxe4 37. Bxg4 Nxg3 38. Be6 Rh7 39. Kg2 Nf5 40. Bxf5 Rxf5 41. c5 bxc5 42. b6 Kf6 43.
Re3 Rg7+ 44. Rg3 Rxg3+ 45. Kxg3 cxb6 46. Rd7 e4 47. Rxd6+ Ke5 48. Rxb6 Kxd5 0-1

[Event "*** Titled Tuesday 3|2 Blitz"]
[Site "Chess.com"]
[Date "2016.08.02"]
[Round "7"]
[White "AdrianaNikolova"]
[Black "Hieronymus00"]
[Result "0-1"]
[WhiteElo "2247"]
[BlackElo "2153"]
[TimeControl "180+2"]
[EndTime "12:33:52 PDT"]
[Termination "Hieronymus00 won by resignation"]

1. e4 e5 2. Nf3 Nc6 3. Bb5 a6 4. Ba4 Nf6 5. O-O Bc5 6. c3 b5 7. Bb3 d6 8. a4 Bg4 9. axb5 axb5 10. Rxa8 Qxa8 11. h3 Bh5 12. d4 exd4 13. g4 Bg6 14.
cxd4 Bb6 15. e5 dxe5 16. dxe5 Ne4 17. Bd5 O-O 18. Qc2 Nc5 19. Qe2 Nd4 20. Nxd4 Qxd5 21. Be3 Bd3 22. Nc3 Qxe5 23. Qf3 Bxf1 24. Kxf1 Ne6 25.
Nc6 Qd6 26. Bxb6 cxb6 27. Ne4 Qc7 28. Ng3 Rc8 29. Nf5 Kh8 30. Nfe7 Rf8 31. Qd5 Qh2 32.
Qxb5 Nf4 33. Ke1 Qxh3 34. Qe5 Nd3+ 0-1

[Event "*** Titled Tuesday 3|2 Blitz"]
[Site "Chess.com"]
[Date "2016.08.02"]
[Round "7"]
[White "DanielNaroditsky"]
[Black "BillieKimbah"]
[Result "1-0"]
[WhiteElo "2672"]
[BlackElo "2517"]
[TimeControl "180+2"]
[EndTime "12:33:55 PDT"]
[Termination "DanielNaroditsky won by resignation"]

1. d4 Nf6 2. Bf4 d5 3. e3 c5 4. dxc5 Nc6 5. Bb5 e6 6. b4 a6 7. Bxc6+ bxc6 8. Nf3 a5 9. c3 Ba6 10. Nd4 Qc8 11. Nd2 Nd7 12. N2f3 Be7 13. a4 Bc4 14. Bg3 O-O 15. Nd2 Ba6 16. Qc2 g6 17. f4 Re8 18.
N2f3 Bf6 19. Kf2 Bc4 20. Rhe1 e5 21. fxe5 Nxe5 22. Nxe5 Bxe5 23. Bxe5 Rxe5 24. Kg1 Qc7 25. Qf2 Re4 26. Qf6 Rc8 27. Rab1 Bd3 28. Rbd1 Bc4 29.
Rd2 Ree8 30. Rf2 Qb7 31. b5 cxb5 32. c6 Qc7 33. axb5 Rb8 34. h4 Bxb5 35. h5 Qe7 36. Qxe7 Rxe7 37. Rb1 1-0

[Event "*** Titled Tuesday 3|2 Blitz"]
[Site "Chess.com"]
[Date "2016.08.02"]
[Round "7"]
[White "Chesstrainer1"]
[Black "psv98"]
[Result "1-0"]
[WhiteElo "2452"]
[BlackElo "2582"]
[TimeControl "180+2"]
[EndTime "12:33:58 PDT"]
[Termination "Chesstrainer1 won by resignation"]

1. Nf3 Nf6 2. c4 d6 3. d4 g6 4. Nc3 Bf5 5. Nh4 Bd7 6. e4 e5 7.
Nf3 exd4 8. Nxd4 Bg7 9. Be2 O-O 10. O-O Nc6 11. Be3 Re8 12. f3 Nh5 13. Qd2 Nf4 14.
Nxc6 Nxe2+ 15. Nxe2 bxc6 16. Bd4 Be6 17. Bxg7 Kxg7 18.
Nd4 c5 19. Nxe6+ Rxe6 20. Qa5 Qb8 21. b3 Qb6 22. Qc3+ Kg8 23. Rae1 Rae8 24. Re2 a5 25. a4 Qb4 26. Qd3 Rb8 27. Re3 Qa3 28.
Qc2 Rbe8 29. h4 h5 30. f4 f5 31. Rfe1 Qb4 32. R1e2 Kf7 33. Qd3 fxe4 34. Qd5 Kg7 35. Rg3 Qa3 36. f5 Qc1+ 37. Kh2 Rf6 38. Rxe4 Rg8 39.
fxg6 Qh6 40. Re7+ Kh8 41. Rh7+ Qxh7 42. gxh7 Rxg3 43. Kxg3 Kxh7 1-0

[Event "*** Titled Tuesday 3|2 Blitz"]
[Site "Chess.com"]
[Date "2016.08.02"]
[Round "7"]
[White "Iball95"]
[Black "profofchess"]
[Result "1/2-1/2"]
[WhiteElo "2457"]
[BlackElo "2324"]
[TimeControl "180+2"]
[EndTime "12:34:05 PDT"]
[Termination "Game drawn by agreement"]

1. e4 e6 2. d4 d5 3. Nc3 Bb4 4.
exd5 exd5 5. Bd3 Nc6 6. a3 Bxc3+ 7. bxc3 Nf6 8. Nf3 Bg4 9. O-O O-O 10. Bf4 Ne4 11.
c4 Nxd4 12. cxd5 Qxd5 13. Bxe4 Qxe4 14. Qxd4 Bxf3 15. Qxe4 Bxe4 16. Bxc7 Rac8 17. Bd6 Rfd8 18. Be7 Rd7 19. Bb4 Bxc2 20. Rac1 Rdd8 21. Rfe1 Ba4 22.
f3 Rxc1 23. Rxc1 Bc6 24. Re1 Re8 25. Kf2 Rxe1 26. Bxe1 f5 27. Ke3 Kf7 28. g4 fxg4 29.
fxg4 Ke6 30. Kd4 a6 31. h4 Bf3 32. g5 Kf5 33. Bf2 g6 34. Be1 Ke6 35. Bg3 Bc6 36. Be1 Kf5 37. Bg3 Kg4 38. Be1 Kf3 39. Bb4 Ke2 40.
Kc5 Kd3 41. Kb6 Kc4 42. Bf8 Kb3 43. Bb4 Ka4 44. Bf8 Be4 45. Bc5 Bc6 46. Bf8 Kb3 47.
Bc5 Kc4 48. Bf8 Kd5 49. Bc5 Ke4 50. Bb4 Kd3 51. Bc5 Ke2 52. Bb4 Kf3 53. Ba5 Kg4 54.
Be1 Kh3 55. Kc5 Kg4 1/2-1/2

[Event "*** Titled Tuesday 3|2 Blitz"]
[Site "Chess.com"]
[Date "2016.08.02"]
[Round "7"]
[White "viditchess"]
[Black "simonachess"]
[Result "1-0"]
[WhiteElo "2559"]
[BlackElo "2150"]
[TimeControl "180+2"]
[EndTime "12:34:17 PDT"]
[Termination "viditchess won on time"]

1. d4 Nf6 2. c4 e5 3. dxe5 Ng4 4. Bf4 g5 5. Bg3 Bg7 6. e3 Nxe5 7. h4 g4 8. Nc3 h5 9. Qc2 d6 10. O-O-O Be6 11.
Nd5 Nbd7 12. f4 Ng6 13. Ne2 c6 14. Ndc3 Qa5 15. Nd4 O-O-O 16. Nxe6 fxe6 17. Be1 Ndf8 18. Kb1 Qc7 19. Ne4 d5 20. Ng5 Bf6 21. Bd3 dxc4 22. Bxc4 Rxd1+ 23. Qxd1 Qe7 24. g3 Bxg5 25. hxg5 Nd7 26.
Bc3 Rh7 27. Qc2 Qf7 28. Bd3 Ndf8 29. f5 exf5 30. Bxf5+ Kb8 31. Rd1 h4 32. Rd8+ Kc7 33. Rc8+ Kd6 34. Bb4+ 1-0

[Event "*** Titled Tuesday 3|2 Blitz"]
[Site "Chess.com"]
[Date "2016.08.02"]
[Round "7"]
[White "Tesla37"]
[Black "Zhani-Z"]
[Result "1-0"]
[WhiteElo "2660"]
[BlackElo "2286"]
[TimeControl "180+2"]
[EndTime "12:34:17 PDT"]
[Termination "Tesla37 won by resignation"]

1. e4 e6 2. d4 d5 3. e5 c5 4. c3 Nc6 5. Nf3 Bd7 6. Be2 Nge7 7. Na3 cxd4 8. cxd4 Nf5 9. Nc2 Qb6 10. h4 Na5 11. h5 h6 12. O-O Bb5 13. g4 Ne7 14. b3 Bxe2 15. Qxe2 Nec6 16. Be3 Nb4 17. Nfe1 Nac6 18.
f4 Be7 19. f5 Bg5 20. fxe6 fxe6 21. Bxg5 hxg5 22. Qe3 O-O-O 23. Nxb4 Qxb4 24. Rd1 g6 25. hxg6 Rdg8 26. Rf6 Rh4 27. Ng2 Rxg4 28. Qf3 Rxd4 29. Rf1 Kc7 30. Rxe6 Rg4 31. Qxd5 Qb6+ 32. Rf2 Rf8 33.
Qd6+ Kc8 34. Qxf8+ 1-0

[Event "*** Titled Tuesday 3|2 Blitz"]
[Site "Chess.com"]
[Date "2016.08.02"]
[Round "7"]
[White "Colombiano07"]
[Black "eltenedor"]
[Result "1-0"]
[WhiteElo "2223"]
[BlackElo "2021"]
[TimeControl "180+2"]
[EndTime "12:34:39 PDT"]
[Termination "Colombiano07 won by resignation"]

1. e4 d5 2. d4 dxe4 3. Nc3 c6 4. Nxe4 e5 5. dxe5 Qxd1+ 6. Kxd1 Nd7 7. f4 f6 8. exf6 Ngxf6 9. Nxf6+ Nxf6 10. Bd3 Bg4+ 11. Ne2 O-O-O 12. Bd2 Bc5 13. h3 Bh5 14. g4 Bf7 15.
b4 Bf2 16. Kc1 Rhe8 17. Nc3 Nd5 18. Nxd5 Bxd5 19. Rf1 Bd4 20. c3 Be3 21. Re1 Bxf4 22. Rxe8 Bxd2+ 23. Kxd2 Rxe8 24. Bxh7 Bg2 25. Bf5+ Kc7 26. h4 Bf3 27. Re1 Rd8+ 28. Kc2 Kd6 29. Re3 Bd5 30. a3 a5 31. Bd3 axb4 32. axb4 Ra8 33. c4 Be6 34. c5+ Kd5 35. Kc3 Ra3+ 36. Kd2 Bxg4 37. Be4+ Kd4 38. Rxa3 Kxe4 39. Ra7 g6 40. Rxb7 Be6 41. Re7 Kd5 42. Ke3 Bf5 43. Kf4 Kc4 44. Rb7 Kd5 45. h5 Bc2 46. h6 1-0

[Event "*** Titled Tuesday 3|2 Blitz"]
[Site "Chess.com"]
[Date "2016.08.02"]
[Round "7"]
[White "stepanosinovsky"]
[Black "Generalas"]
[Result "1-0"]
[WhiteElo "2192"]
[BlackElo "2230"]
[TimeControl "180+2"]
[EndTime "12:34:44 PDT"]
[Termination "stepanosinovsky won by resignation"]

1. e4 e5 2. Nf3 Nc6 3. Bb5 a6 4.
Ba4 Nf6 5. O-O b5 6. Bb3 Be7 7.
d4 Nxd4 8. Nxd4 exd4 9. e5 Ng8 10. Qf3 f6 11. Qxa8 fxe5 12. Qd5 d6 13. Qf7+ Kd7 14. Qxg7 Nf6 15. a4 d5 16. axb5 Rg8 17. Qh6 Rg6 18. Qd2 axb5 19. c3 Ne4 20. Qe2 c6 21. Nd2 d3 22.
Qxd3 Nc5 23. Qe2 Qb6 24. Nf3 Nxb3 25. Nxe5+ Kd8 26. Nxg6 hxg6 27. Re1 Qc7 28. Bf4 Qd7 29. Ra8 Bf6 30. Qc2 Nc5 31. Qxg6 Ne4 32. Rxe4 dxe4 33.
Qxf6+ Ke8 34. Bd6 1-0

[Event "*** Titled Tuesday 3|2 Blitz"]
[Site "Chess.com"]
[Date "2016.08.02"]
[Round "7"]
[White "GremioPrudente"]
[Black "Journey_to_GrandMaster_YT"]
[Result "0-1"]
[WhiteElo "2076"]
[BlackElo "2428"]
[TimeControl "180+2"]
[EndTime "12:34:45 PDT"]
[Termination "Journey_to_GrandMaster_YT won by checkmate"]

1. Nf3 d6 2. d4 Nf6 3. c4 Nbd7 4. Nc3 e5 5. e4 Be7 6. Be2 O-O 7. O-O c6 8. Bg5 a6 9. Qc2 b5 10. a3 Bb7 11. Rfd1 Qc7 12. Rac1 Rac8 13. cxb5 cxb5 14.
Bxf6 Nxf6 15. Qb1 Qb8 16. dxe5 dxe5 17. Nd5 Nxd5 18. exd5 Bd6 19. Rxc8 Qxc8 20. Ng5 g6 21. Ne4 Bb8 22. d6 Rd8 23. d7 Qc6 24. Bf3 Kg7 25. Nd6 e4 26. Bxe4 Qxd7 27. Bxb7 Bxd6 28. Bf3 Qe7 29. b4 Be5 30. Re1 Qf6 31. Qe4 Bc3 32. Rf1 Rd2 33. Qc6 Rd6 34. Qc8 Be5 35. Bb7 Rd8 36.
Qc6 Rd6 37. Qc8 Rd2 38. g3 Bd4 39. Kg2 Rxf2+ 40. Rxf2 Qxf2+ 41. Kh3 Qf1+ 42. Kh4 Bf6+ 43. Kg4 h5# 0-1

[Event "*** Titled Tuesday 3|2 Blitz"]
[Site "Chess.com"]
[Date "2016.08.02"]
[Round "7"]
[White "AdamHunt1"]
[Black "dabee"]
[Result "0-1"]
[WhiteElo "2379"]
[BlackElo "2428"]
[TimeControl "180+2"]
[EndTime "12:35:06 PDT"]
[Termination "dabee won by resignation"]

1. e4 e5 2. Nf3 Nc6 3. Bb5 a6 4. Ba4 Nf6 5. O-O Be7 6. Re1 b5 7. Bb3 d6 8. c3 O-O 9. h3 Nb8 10.
d4 Nbd7 11. Nbd2 Bb7 12. Bc2 Re8 13. Nf1 Bf8 14. Ng3 g6 15. b3 Bg7 16. d5 Nb6 17. a4 c6 18. a5 Nc8 19. c4 c5 20. Bd3 b4 21. Nh2 Ne7 22. Ng4 Nxg4 23. hxg4 h6 24. Kh2 Kh7 25. Rh1 Ng8 26. Kg1 Bf6 27.
Qd2 Kg7 28. Rxh6 Nxh6 29. Qxh6+ Kg8 30. Be3 Bg7 31. Qh3 f6 32. Ne2 Kf7 33. Qf3 Rh8 34.
Ng3 Kg8 35. Kf1 Bc8 36. Ke1 Rh4 37. g5 fxg5 38. Bd2 g4 39. Qe2 Bh6 40. Kd1 Bxd2 41. Qxd2 Qf6 42. Kc2 Qf4 43. Qe2 Rh2 44. Rg1 Bd7 45.
Nf1 Rh7 46. f3 g3 47. Qe1 Rh2 48. Nxg3 Qxf3 49. Be2 Qe3 50. Nf1 Qxg1 51. Qg3 Rxg2 0-1

[Event "*** Titled Tuesday 3|2 Blitz"]
[Site "Chess.com"]
[Date "2016.08.02"]
[Round "7"]
[White "Oleksandr_Bortnyk"]
[Black "ftorodent"]
[Result "1-0"]
[WhiteElo "2553"]
[BlackElo "2453"]
[TimeControl "180+2"]
[EndTime "12:35:08 PDT"]
[Termination "Oleksandr_Bortnyk won by resignation"]

1. e4 e6 2. d4 d5 3. Nc3 Nf6 4. Bg5 dxe4 5. Nxe4 Nbd7 6. Nf3 h6 7. Bxf6 Nxf6 8. Bd3 Nd5 9. Ne5 Bd6 10. Bb5+ Ke7 11.
Qh5 Bxe5 12. dxe5 Bd7 13. Be2 Bc6 14. O-O-O Qe8 15. Rhe1 Kf8 16. Kb1 g6 17. Qh4 Qe7 18.
Nf6 Kg7 19. Rxd5 Bxd5 20. Bd3 Rad8 21. f4 Qb4 22. Nh5+ Kh7 23. Nf6+ Kg7 24. Nh5+ Kh7 25. a3 Qf8 26. g4 Bf3 27. Re3 Bc6 28. Rh3 Rd4 29. g5 Qd8 30. Nf6+ Kg7 31. gxh6+ Kf8 32.
h7 Ba4 33. Qh6+ Ke7 34. Qg7 c5 35. Ng8+ Kd7 36. Qxh8 c4 37. Nf6+ 1-0

[Event "*** Titled Tuesday 3|2 Blitz"]
[Site "Chess.com"]
[Date "2016.08.02"]
[Round "7"]
[White "MFBerna"]
[Black "Schemato"]
[Result "0-1"]
[WhiteElo "2138"]
[BlackElo "2243"]
[TimeControl "180+2"]
[EndTime "12:35:11 PDT"]
[Termination "Schemato won by resignation"]

1. d4 e6 2. c4 f5 3. g3 Nf6 4.
Bg2 c6 5. Nf3 d5 6. O-O Bd6 7.
Ne5 O-O 8. Nc3 Nbd7 9. Bf4 Qe7 10. cxd5 exd5 11. Nd3 Ne4 12. Bxd6 Qxd6 13. f3 Nef6 14. Qb3 Kh8 15. Rad1 Nb6 16. Ne5 Be6 17. a4 Rab8 18.
a5 Nc4 19. Nxc4 dxc4 20. Qa4 f4 21. g4 Nd5 22. Qxc4 Ne3 23. Qc5 Qxc5 24. dxc5 Nxf1 25.
Bxf1 Rbd8 26. Rd3 Rxd3 27. exd3 Bd5 28. Kf2 Re8 29. Ne4 Bxe4 30. dxe4 Rd8 31. Ke1 Rd4 32. a6 bxa6 33. Bxa6 Rb4 34. Kd2 Rxb2+ 35. Kc3 Rb8 36. Kd4 Rb3 37. Be2 a5 38. Ke5 a4 39.
Bc4 Rxf3 40. Kd6 a3 41. e5 Rc3 42. Ba2 f3 43. e6 Re3 44. e7 Rxe7 45. Kxe7 f2 0-1

[Event "*** Titled Tuesday 3|2 Blitz"]
[Site "Chess.com"]
[Date "2016.08.02"]
[Round "7"]
[White "Tash_Boy"]
[Black "SabinoBrunello"]
[Result "1/2-1/2"]
[WhiteElo "2313"]
[BlackElo "2543"]
[TimeControl "180+2"]
[EndTime "12:35:23 PDT"]
[Termination "Game drawn by agreement"]

1. e4 e5 2. Nf3 Nc6 3. Bb5 a6 4. Ba4 Nf6 5. O-O Be7 6. d3 b5 7.
Bb3 d6 8. a4 b4 9. a5 O-O 10. h3 Be6 11. Nbd2 h6 12. Nc4 Qc8 13.
Be3 Rd8 14. Nfd2 d5 15. exd5 Nxd5 16. Ba4 Qb7 17. Bxc6 Qxc6 18. Nxe5 Qb7 19. Ndc4 Bf6 20. Ng4 Be7 21. Qf3 c5 22. Bd2 Qc7 23. Rae1 Nf6 24.
Nxf6+ Bxf6 25. Bxh6 Bxc4 26. dxc4 Bxb2 27. Bf4 Qxa5 28. Re7 Bf6 29. Bc7 Qa2 30. Bxd8 Rxd8 31. Re2 Qxc4 32. Rfe1 Qb5 33. Re4 c4 34. Rg4 Kf8 35.
Qe4 Re8 36. Qxe8+ Qxe8 37. Rxe8+ Kxe8 38. Rxc4 a5 39. Kf1 Kd7 40. Ke2 Be7 41. Kd3 a4 42. c3 a3 43. cxb4 a2 44. Rc1 Bf6 45. g4 Bb2 46. Rd1 Kc6 47. f4 Kb5 48. Ke4 Kxb4 49.
h4 Kb3 50. Kd5 Kc2 51. Rf1 Bc1 52. Rf2+ Bd2 53. Rf1 Bxf4 54. g5 g6 55. Kc6 Bg3 56. Rh1 Kb2 57. Kd7 Bxh4 58. Rh2+ Kb3 59. Rh3+ Kb2 60. Rh2+ Kb3 1/2-1/2

[Event "*** Titled Tuesday 3|2 Blitz"]
[Site "Chess.com"]
[Date "2016.08.02"]
[Round "7"]
[White "Genghis_K"]
[Black "elefante33"]
[Result "1/2-1/2"]
[WhiteElo "2677"]
[BlackElo "2476"]
[TimeControl "180+2"]
[EndTime "12:35:26 PDT"]
[Termination "Game drawn by repetition"]

1. e4 c5 2. Nf3 g6 3. d4 cxd4 4. Nxd4 Bg7 5. c4 Nc6 6. Be3 Nf6 7. Nc3 d6 8. Be2 O-O 9. O-O Nxd4 10. Bxd4 Bd7 11. f3 a5 12. b3 Bc6 13. Qd2 Nd7 14.
Bf2 Nc5 15. Rab1 Qc7 16. Bd1 Rfc8 17. Bc2 Qd8 18. a3 h5 19. b4 axb4 20. axb4 Na4 21. Bxa4 Bxa4 22. Nd5 Rxc4 23. Qg5 Bf6 24. Nxf6+ exf6 25. Qf4 Bc2 26. Rbc1 Ra2 27. Rfe1 b5 28. Re2 Qe7 29. Rd2 Qe5 30. Qe3 Bb3 31. Rxa2 Rxc1+ 32. Qxc1 Bxa2 33. Qd2 Qa1+ 34. Be1 Bc4 35. Kf2 Qe5 36. h4 Kg7 37. Qe3 Qb2+ 38. Kg3 Qe5+ 39. f4 Qe6 40. Bc3 Qg4+ 41. Kf2 Qxh4+ 42. Kg1 Be6 43. g3 Qg4 44. Kf2 Qd1 45. Qd4 Qxd4+ 46. Bxd4 d5 47. exd5 Bxd5 48. Bc3 Bc4 49. Bd4 Bd5 50. Bc3 Bc4 51. Bd4 Bd5 1/2-1/2

[Event "*** Titled Tuesday 3|2 Blitz"]
[Site "Chess.com"]
[Date "2016.08.02"]
[Round "7"]
[White "maheswaran26"]
[Black "MyleneFarmer"]
[Result "1-0"]
[WhiteElo "2064"]
[BlackElo "2343"]
[TimeControl "180+2"]
[EndTime "12:35:28 PDT"]
[Termination "maheswaran26 won by resignation"]

1. d4 d5 2. Nf3 Nf6 3. c4 c6 4. Nc3 e6 5. e3 Nbd7 6. Bd3 dxc4 7.
Bxc4 b5 8. Bd3 Bd6 9. O-O O-O 10. a3 Bb7 11. Qc2 Rc8 12. b4 c5 13. bxc5 Bxf3 14.
cxd6 Nd5 15. Bd2 Qg5 16. g3 f5 17. Rfc1 Rf6 18. e4 Qh5 19. exd5 g5 20. Bxg5 Qxg5 21.
Ne4 fxe4 22. Qxc8+ Nf8 23. dxe6 Rxe6 24. d7 Rd6 25.
Bf1 e3 26. Qc5 Rd5 27. d8=Q Qxd8 28. Qc7 Qg5 29. Qf4 Qxf4 30. gxf4 Rd6 31. fxe3 Be4 32.
Kf2 Ne6 33. Bh3 Ng7 34. Rc7 Rh6 35. Rg1 Bg6 36. f5 Rxh3 37. fxg6 Rxh2+ 38. Kf3 Rh3+ 39. Ke2 Rh2+ 40. Kd3 hxg6 41. Rxg6 Kh8 42. Rgxg7 b4 43. Rgd7 Rg2 44. Rd8+ Rg8 45. Rxg8+ Kxg8 46. axb4 1-0

[Event "*** Titled Tuesday 3|2 Blitz"]
[Site "Chess.com"]
[Date "2016.08.02"]
[Round "7"]
[White "petrpalachev"]
[Black "Usurpov"]
[Result "1/2-1/2"]
[WhiteElo "2420"]
[BlackElo "2337"]
[TimeControl "180+2"]
[EndTime "12:35:51 PDT"]
[Termination "Game drawn by stalemate"]

1. d4 Nf6 2. c4 g6 3. Nc3 d5 4. Nf3 Bg7 5. Bf4 O-O 6. Rc1 dxc4 7. e4 Bg4 8. Bxc4 Nh5 9. Be3 Bxf3 10. gxf3 e5 11.
d5 c6 12. Qd2 cxd5 13. Bxd5 Nc6 14. Bxc6 bxc6 15. Qxd8 Rfxd8 16. Ke2 Bf8 17. Na4 Rac8 18. Rhd1 Rxd1 19. Kxd1 f6 20. b3 Rc7 21. Rc4 Kf7 22.
Nc5 Ng7 23. Nd3 Ne6 24. Kc2 c5 25. Nb2 Bd6 26. Na4 f5 27. b4 cxb4 28. Rxc7+ Bxc7 29. exf5 gxf5 30. Bxa7 Ng5 31. Bc5 Nxf3 32. Bxb4 Nxh2 33. Nc3 Ng4 34. Nd5 Bb8 35. Bc5 h5 36. Nc3 h4 37.
Ne2 h3 38. Ng3 e4 39. Nh1 Ke6 40. a4 Kd5 41. Bb6 Kc6 42. a5 Bc7 43. Bxc7 Kxc7 44.
Kc3 f4 45. Kd4 e3 46. fxe3 fxe3 47. Kd3 Kc6 48. Ke2 Kb5 49. Kf3 Kxa5 50. Ng3 h2 51.
Kg2 Kb4 52. Ne2 Kc4 53. Nf4 Kc3 54. Ne2+ Kd2 55. Nf4 e2 56. Nxe2 Kxe2 57. Kh1 Ke3 58. Kg2 Kf4 59. Kh1 Kg5 60. Kg2 Kh4 61. Kh1 Kg5 62. Kg2 Kf4 63. Kh1 Ke4 64. Kg2 Kd3 65. Kh1 Ke2 66. Kg2 Ke1 67. Kh1 Kf2 1/2-1/2

[Event "*** Titled Tuesday 3|2 Blitz"]
[Site "Chess.com"]
[Date "2016.08.02"]
[Round "7"]
[White "Astaneh"]
[Black "FairChess_on_YouTube"]
[Result "0-1"]
[WhiteElo "2488"]
[BlackElo "2705"]
[TimeControl "180+2"]
[EndTime "12:35:53 PDT"]
[Termination "FairChess_on_YouTube won on time"]

1. d4 d5 2. c4 dxc4 3. e3 e5 4.
Bxc4 exd4 5. Nf3 Bb4+ 6. Bd2 Bxd2+ 7. Qxd2 Nf6 8. Nxd4 O-O 9. Nc3 a6 10. a4 c5 11. Nb3 Qc7 12. Rc1 Nc6 13. Nxc5 Rd8 14.
Nd5 Nxd5 15. Bxd5 Qe5 16. e4 Be6 17. f4 Qh5 18. Nxb7 Rxd5 19. exd5 Bxd5 20. O-O h6 21. Rc5 Ne7 22. Re1 Qh4 23. g3 Qf6 24. Qc3 Qb6 25. Rxe7 Bxb7 26. a5 Qa7 27. Qc4 Rf8 28. Qb4 Rb8 29. Qb6 Qa8 30. Rec7 Kh7 31. Qb3 Bh1 32. Qc2+ Be4 33. Qe2 Re8 34. Re5 Rxe5 35. fxe5 Qd5 36. b4 Bg6 37. Rc1 Qd4+ 38. Qf2 Qxb4 39. Qc5 Qb2 40.
Rf1 Be4 41. Qf2 Qxe5 42. Qxf7 Qxa5 43. Qf2 Qd5 44. h3 a5 45. Re1 a4 46. Qf4 Bc2 47. Qf2 Bb3 48. Re7 a3 49. Qf6 Qc5+ 50.
Kh2 Qc2+ 51. Kg1 Qc1+ 52. Qf1 Qc5+ 0-1

[Event "*** Titled Tuesday 3|2 Blitz"]
[Site "Chess.com"]
[Date "2016.08.02"]
[Round "7"]
[White "joppie2"]
[Black "Sanan_Sjugirov"]
[Result "0-1"]
[WhiteElo "2499"]
[BlackElo "2673"]
[TimeControl "180+2"]
[EndTime "12:35:53 PDT"]
[Termination "Sanan_Sjugirov won by resignation"]

1. d4 Nf6 2. Bf4 e6 3. e3 c5 4. Nf3 cxd4 5. exd4 b6 6. Nbd2 Bb7 7. Bd3 Be7 8. h3 d6 9. O-O Nbd7 10. Qe2 O-O 11.
c3 Qc7 12. Bh2 Rfe8 13. Rfe1 Bf8 14. Ba6 Rab8 15. Bxb7 Qxb7 16. a4 a6 17. Nc4 Qc7 18. Ne3 Ra8 19. Qc4 Qb7 20. Qb3 d5 21. Ne5 Nxe5 22.
Bxe5 Nd7 23. Bh2 Rec8 24. Ng4 Qc6 25. Bf4 b5 26. axb5 axb5 27. h4 Ra4 28. h5 h6 29.
Rac1 Rca8 30. Qd1 Ra2 31. Rc2 Qc4 32. Ne3 Qb3 33. Qg4 Nf6 34. Qe2 Ra1 35. Rxa1 Rxa1+ 36. Kh2 Qa4 37. Be5 Nd7 38. Bf4 Qa6 39. Qg4 Nf6 40. Qh4 Bd6 41. Bxd6 Qxd6+ 42. g3 Ne4 43. Kg2 Ng5 44. Qg4 f5 45. Qe2 f4 46. gxf4 Qxf4 47. Qg4 Qf7 48. Re2 Nf3 49. Nf1 Rxf1 50. Qxe6 Rg1+ 51.
Kh3 Ng5+ 0-1

[Event "*** Titled Tuesday 3|2 Blitz"]
[Site "Chess.com"]
[Date "2016.08.02"]
[Round "7"]
[White "Wolverine_master"]
[Black "usbista"]
[Result "1/2-1/2"]
[WhiteElo "2008"]
[BlackElo "2012"]
[TimeControl "180+2"]
[EndTime "12:36:13 PDT"]
[Termination "Game drawn by agreement"]

1. e4 c5 2. Nf3 Nc6 3. d4 cxd4 4.
Nxd4 e6 5. Nc3 Qc7 6. Nxc6 dxc6 7. Bd3 e5 8. O-O Bc5 9. Qe2 Nf6 10. Be3 Bxe3 11.
Qxe3 Be6 12. a4 O-O 13. a5 Nd7 14. b4 Qd6 15. Rfb1 Qd4 16. Qxd4 exd4 17. Ne2 Ne5 18. Nxd4 Nxd3 19. Nxe6 fxe6 20. cxd3 Rfd8 21. Rb3 Rd4 22. Kf1 Rad8 23. Ke2 a6 24. Rc1 Kf7 25. Rc4 R4d6 26.
Ke3 e5 27. g3 g5 28. Rc1 Ke6 29. Rf1 Rg8 30. Rb2 Rgd8 31. Rb3 Rg8 32. f4 gxf4+ 33. gxf4 exf4+ 34. Rxf4 Rg1 35. Rh4 Rd7 36. Rh6+ Rg6 37. Rh5 Rdg7 38. d4 Rg3+ 39. hxg3 Rxg3+ 40. Kf4 Rxb3 41. Rxh7 Rxb4 42. Rh6+ Ke7 43. Ke5 Rb5+ 44. Kf4 Rb4 45. Ke5 Rb5+ 46. Kf4 Rxa5 47. Rh7+ Ke6 48.
Rxb7 Rb5 49. Ra7 a5 50. Ra6 Kd6 51. d5 Rc5 52. dxc6 Rxc6 53. Rxa5 Ke6 54. Rh5 Rc1 55.
Rh6+ Ke7 56. Ke5 Rc5+ 57. Kf4 Ra5 58. e5 Ra1 59. Rh7+ Ke8 60. Kf5 Ra6 61. Rb7 Rc6 62. Rb8+ Ke7 63. Rb7+ Ke8 64. Ra7 Rb6 65. Ra3 Ke7 66.
Ra7+ Ke8 67. Ra4 Ke7 68. e6 Rb5+ 69. Kg6 Kxe6 70. Ra6+ 1/2-1/2

[Event "*** Titled Tuesday 3|2 Blitz"]
[Site "Chess.com"]
[Date "2016.08.02"]
[Round "7"]
[White "1stSecond"]
[Black "Gabrielian_Artur"]
[Result "0-1"]
[WhiteElo "2534"]
[BlackElo "2560"]
[TimeControl "180+2"]
[EndTime "12:36:19 PDT"]
[Termination "Gabrielian_Artur won by resignation"]

1. d4 Nf6 2. c4 c5 3. d5 e6 4. Nc3 exd5 5. cxd5 d6 6. Nf3 g6 7. Nd2 Nbd7 8. e4 Bg7 9. Be2 O-O 10. O-O Re8 11. Qc2 Ne5 12. h3 g5 13. a4 a6 14.
f4 gxf4 15. Rxf4 Ng6 16. Rf1 Nd7 17. Nc4 Nde5 18. Ne3 Nh4 19. Nf5 Nxf5 20. exf5 c4 21. Ne4 Nd7 22. Rf4 Nf6 23. Bxc4 Rxe4 24. Rxe4 Bxf5 25. Re8+ Qxe8 26. Qxf5 Rc8 27. b3 b5 28. axb5 axb5 29. Bxb5 Rxc1+ 30. Rxc1 Qe3+ 31. Kh2 Qxc1 32. Bd3 h5 33. b4 Qe3 34. b5 h4 35. Bc2 Nxd5 36.
Qc8+ Bf8 37. Qg4+ Bg7 38. Qc8+ Bf8 39. Qg4+ Kh8 40. Qh5+ Bh6 41. Qxh4 Qe5+ 42. Kh1 Kg7 43. Qg4+ Kf6 44. h4 Qa1+ 45. Kh2 Qe5+ 46. g3 Ne3 47.
Qf3+ Kg7 48. Be4 f5 49. Bd3 Qb2+ 50. Kh3 Ng4 51. Bxf5 Nf2+ 52. Kg2 Nd3+ 53. Kh3 Ne5 54. Qb7+ Kf6 55. Qe4 Qxb5 56. Bc8 Qf1+ 57. Kh2 Nf3+ 58. Qxf3+ Qxf3 0-1

[Event "*** Titled Tuesday 3|2 Blitz"]
[Site "Chess.com"]
[Date "2016.08.02"]
[Round "7"]
[White "chipmunknau"]
[Black "Sven_Tica"]
[Result "0-1"]
[WhiteElo "2430"]
[BlackElo "2432"]
[TimeControl "180+2"]
[EndTime "12:36:24 PDT"]
[Termination "Sven_Tica won by resignation"]

1. Nf3 Nf6 2. d4 e6 3. g3 d5 4. c4 Be7 5. Bg2 O-O 6. O-O c5 7. dxc5 Bxc5 8. Nc3 Nc6 9. cxd5 exd5 10. Bg5 d4 11.
Bxf6 Qxf6 12. Ne4 Qe7 13. Nxc5 Qxc5 14. Qd2 Rd8 15. Rac1 Qb6 16. Ng5 h6 17. Ne4 Be6 18.
Nc5 Bd5 19. Rfd1 Rac8 20. Bh3 Rc7 21. Na4 Qa6 22. b3 b6 23. Qf4 Qb7 24. Nb2 Re7 25. Rd2 Rde8 26. Bf1 Re4 27. Qf5 R8e5 28. Qh3 Qe7 29.
Nd3 Re6 30. Bg2 g5 31. Qf5 Qd6 32. b4 Ne7 33. Qh3 Rxe2 34. Rxe2 Rxe2 35. Bxd5 Nxd5 36. Qg4 Qe6 37. Qxd4 h5 38. b5 h4 39. Rc6 Qf5 40.
Rh6 f6 41. Qc4 Kg7 42. Rh5 Re7 43. gxh4 Qf3 44. Rxg5+ fxg5 45. hxg5 Nf4 46. Qd4+ Kf8 47. Qd8+ Kf7 48. Ne5+ Rxe5 49. Qf6+ Kg8 50. Qd8+ Kh7 51. Qc7+ Kg6 52. Qd6+ Kf5 53. Qf6+ Kg4 54. h3+ Nxh3+ 55. Kh2 Qxf2+ 56. Qxf2 Nxf2 57. g6 Kf3 0-1